Selects Heavy Armor Battlegroup
Construct Section Command Post
Construct Platoon Command Post
Unlock M3 Stuart Light Tanks
Construct Field Infirmary
Selects Rigorous Vehicle Training
Selects Light Vehicle Withdraw and Refit
Selects Designate Targets
Construct Company Command Post
Selects Forward Repair Assembly
Selects UNKNOWN (2162094)
6-pounder Anti-tank Gun Team
Unlock Bishop Self-propelled Artillery
Bishop Self-propelled Artillery
Unlock Towed 17-pounder Anti-tank Guns